 Dungeon Crawl Stone Soup version 0.25-a0-265-g7af84ae0ac (webtiles) character file.

Game seed: 12793024886180600894, levelgen mode: deterministic

44 Nierin the Slasher (level 3, -1/33 HPs)
             Began as a Minotaur Berserker on Dec 7, 2019.
             Was a Follower of Trog.
             Slain by a scorpion (3 damage)
             ... on level 2 of the Dungeon.
             The game lasted 00:03:47 (1012 turns).

Nierin the Slasher (Minotaur Berserker)             Turns: 1012, Time: 00:03:48

Health: -1/33      AC:  2    Str: 21    XL:     3   Next: 39%
Magic:  2/2        EV: 12    Int:  6    God:    Trog [*.....]
Gold:   121        SH:  0    Dex: 10    Spells: 2/2 levels left

rFire    . . .     SeeInvis .   a - +0 falchion
rCold    . . .     Gourm    .   (no shield)
rNeg     . . .     Faith    .   b - +0 animal skin
rPois    .         Spirit   .   (helmet restricted)
rElec    .         Reflect  .   (no cloak)
rCorr    .         Harm     .   (no gloves)
MR       .....     Rnd*Tele +   (no boots)
Stlth    +.........             (no amulet)
HPRegen  0.11/turn              d - +2 ring of intelligence
MPRegen  0.08/turn              e - ring of teleportation

@: lethally poisoned (-1 -> -19)
A: retaliatory headbutt, horns 2
a: Berserk, Renounce Religion


You were on level 2 of the Dungeon.
You worshipped Trog.
Trog was aware of your devotion.
You were not hungry.

You visited 1 branch of the dungeon, and saw 2 of its levels.

You collected 121 gold pieces.

Inventory:

Hand Weapons
 a - a +0 falchion (weapon)
Armour
 b - a +0 animal skin (worn)
Jewellery
 d - a +2 ring of intelligence (left hand)
 e - a ring of teleportation (right hand)
Scrolls
 g - a scroll of noise {unknown}
 h - a scroll of teleportation
Potions
 i - a potion of agility {unknown}
 m - a potion of brilliance
 n - 3 potions of lignification
Comestibles
 c - 5 rations
 f - 2 chunks of flesh


   Skills:
 + Level 4.1 Fighting
 + Level 4.1 Long Blades
 + Level 3.1 Armour
 + Level 2.8 Dodging


You had 2 spell levels left.
You didn't know any spells.
Your spell library was empty.

Dungeon Overview and Level Annotations

Branches:
Dungeon (2/15)

Altars:
Fedhas


Innate Abilities, Weirdness & Mutations

You reflexively headbutt those who attack you in melee.
You have a pair of horns on your head.


Message History

You headbutt the scorpion, but do no damage.
You barely miss the scorpion.
The scorpion is lightly wounded.
The scorpion stings you.
* * * LOW HITPOINT WARNING * * *
You are lethally poisoned!
The scorpion poisons you!
You closely miss the scorpion. Your headbutt misses the scorpion.
The scorpion is lightly wounded.
* * * LOW HITPOINT WARNING * * *
You feel sick. The scorpion stings you.
* * * LOW HITPOINT WARNING * * *
You are more poisoned.
The scorpion poisons you!
You slash the scorpion!
You headbutt the scorpion, but do no damage.
The scorpion is heavily wounded.
* * * LOW HITPOINT WARNING * * *
You feel sick. The scorpion stings you.
You die...

[.# #.#
#.# #.#
##.## ...
# #s# #
#@# #
.##.####.#
#
......?..#
#
###.######
# # # # #
#


You could see a scorpion.

Vanquished Creatures
  An adder (D:2)
  A worm (D:2)
  A dart slug (D:1)
  A leopard gecko (D:1)
  A giant cockroach (D:1)
  2 goblins
  2 hobgoblins (D:1)
  3 jackals (D:1)
  8 bats
  A frilled lizard (D:1)
  A kobold (D:1)
  7 rats
29 creatures vanquished.

Notes
Turn   | Place    | Note
-------+----------+-------------------------------------------
     0 | D:1      | Nierin the Minotaur Berserker began the quest for the Orb.
     0 | D:1      | Reached XP level 1. HP: 19/19 MP: 0/0
   100 | D:1      | Reached XP level 2. HP: 23/27 MP: 1/1
   887 | D:2      | Found a blossoming altar of Fedhas.
   919 | D:2      | Reached XP level 3. HP: 33/33 MP: 2/2
  1003 | D:2      | Noticed a scorpion
  1012 | D:2      | Slain by a scorpion

Levels and vault maps discovered:
D:1:      ncdulo_halloftheorcs, layout_basic, supply_closet_lemuel,
          minmay_tromino_i4
D:2:      layout_loops_ring, nemelex_xobeh_ov_fountains_minmay,
          fedhas_altar_fruit_tree

Skill      XL: |  1  2 |
---------------+-------+-----
Fighting       | 4 |  4.1
Long Blades    | 4 |  4.1
Armour         | 3 |  3.1
Dodging        | |  2.8

Action                   || total
-------------------------++-------
Melee: Falchion          ||    65
       Headbutt          ||     8
  Use: Potion            ||     5
       Scroll            ||     3
 Stab: Sleeping          ||     1
Armor: Animal skin       ||    12
Dodge: Dodged            ||    59
       Rpst.: Falchion   ||    14

Table legend:
 A = Non-vault XP
 B = Vault XP
 C = Vault XP percentage of total XP
 D = Non-vault monster count
 E = Vault monster count
 F = Vault count percentage of total count
                 A         B        C        D         E       F
            +---------+---------+-------+---------+---------+-------
      Total |      54 |       9 |  14.3 |      25 |       4 |  13.8
            +---------+---------+-------+---------+---------+-------
        D:1 |      27 |       9 |  25.0 |      18 |       4 |  18.2
        D:2 |      27 |       0 |   0.0 |       7 |       0 |   0.0
            +---------+---------+-------+---------+---------+-------
